 Dungeon Crawl Stone Soup version 0.30.0-3-ga4e48a9924 (webtiles) character file.

Game seed: 8150990927050953879

110969 Pooter the Severer (level 16, 0/159 HPs)
             Began as a Minotaur Berserker on May 7, 2023.
             Was a High Priest of Trog.
             Slain by Louise
             ... wielding a +1 trident of flaming
              (1 damage)
             ... on level 1 of the Shoals.
             The game lasted 02:17:27 (36979 turns).

Pooter the Severer (Minotaur Berserker)            Turns: 36979, Time: 02:17:28

Health: 0/159      AC: 21    Str: 24    XL:     16   Next: 8%
Magic:  15/15      EV:  9    Int:  5    God:    Trog [*****.]
Gold:   1674       SH:  5    Dex: 16    Spells: 15/15 levels left

rFire   + + +        a - +1 battleaxe (heavy)
rCold   + + .        (shield currently unavailable)
rNeg    . . .        o - +2 plate armour
rPois   +            (helmet restricted)
rElec   .            J - scarf {rC+ rF+}
rCorr   .            (no gloves)
SInv    .            y - +2 pair of boots of the Shrieking God {rPois rF++ rC+ Str-5}
Will    +....        l - amulet of reflection Stlth
                     R - +4 ring of protection
HPRegen 0.46/turn    v - +6 ring of strength
MPRegen 0.14/turn

%: reflection
@: on berserk cooldown, slowed, very slow
A: horns 2, retaliatory headbutt, agile 1, dopey 1, poison resistance
a: Renounce Religion, Berserk, Trog's Hand, Brothers in Arms


You were on level 1 of the Shoals.
You worshipped Trog.
Trog was extremely pleased with you.
You visited 4 branches of the dungeon, and saw 23 of its levels.
You also visited: Ice Cave.

You collected 2871 gold pieces.
You spent 1197 gold pieces at shops.

Inventory:

Hand Weapons
 a - a +1 heavy battleaxe (weapon)
   (You took it off an orc knight on level 2 of the Orcish Mines)
 b - a +1 arbalest of flaming
   (You took it off an orc priest on level 6 of the Dungeon)
 Q - a +3 arbalest
   (You took it off a yaktaur on level 14 of the Dungeon)
 V - a +2 dire flail of holy wrath
   (You took it off Frances on level 13 of the Dungeon)
 W - a +1 war axe of flaming
   (You took it off an orc high priest on level 1 of the Orcish Mines)
 Z - a +2 executioner's axe of chaos
   (You found it in an ice cave)
Missiles
 j - 50 poisoned darts
 n - 2 curare-tipped darts
 q - 8 javelins
 s - 8 silver javelins
 w - 5 atropa-tipped darts
 H - 17 boomerangs (quivered)
 L - 2 boomerangs of dispersal {!f}
Armour
 o - a +2 plate armour (worn)
   (You took it off an orc warrior on level 9 of the Dungeon)
 y - the +2 pair of boots of the Shrieking God (worn) {rPois rF++ rC+ Str-5}
   (You acquired it on level 15 of the Dungeon)

   Str:       It affects your strength (-5).
   rF:        It greatly protects you from fire.
   rC:        It protects you from cold.
   rPois:     It protects you from poison.
 C - a scarf of harm
   (You found it on level 5 of the Dungeon)
 J - a scarf of resistance (worn)
   (You bought it in a shop on level 14 of the Dungeon)
Jewellery
 l - an amulet of reflection (around neck)
   (You found it on level 2 of the Dungeon)
 m - a ring of willpower
   (You found it on level 2 of the Dungeon)
 v - a +6 ring of strength (right hand)
   (You found it on level 3 of the Dungeon)
 E - an amulet of regeneration
   (You found it on level 5 of the Dungeon)
 G - an amulet of guardian spirit
   (You found it on level 10 of the Dungeon)
 I - a ring of protection from cold
   (You found it on level 8 of the Dungeon)
 N - a ring of positive energy
   (You found it on level 13 of the Dungeon)
 R - a +4 ring of protection (left hand)
   (You found it on level 1 of the Dungeon)
 S - a ring of see invisible
   (You found it on level 7 of the Dungeon)
Wands
 d - a wand of iceblast (17)
   (You found it on level 8 of the Dungeon)
 f - a wand of flame (26)
   (You found it on level 8 of the Dungeon)
 k - a wand of polymorph (15)
   (You found it on level 2 of the Lair of Beasts)
 u - a wand of paralysis (18)
   (You found it on level 6 of the Dungeon)
 A - a wand of mindburst (29)
   (You bought it in a shop on level 2 of the Orcish Mines)
 B - a wand of light (12)
   (You found it on level 2 of the Lair of Beasts)
Scrolls
 c - 5 scrolls of poison {!r}
 g - 6 scrolls of magic mapping
 i - 8 scrolls of identify {@r1}
 r - 4 scrolls of noise {!r}
 t - 4 scrolls of teleportation {@r4}
 D - 4 scrolls of silence
 F - 4 scrolls of immolation {!r}
 U - 4 scrolls of blinking
 X - 2 scrolls of fear
Potions
 e - 2 potions of cancellation
 h - 4 potions of might
 p - 9 potions of curing {@q1}
 x - a potion of attraction {!q}
 z - 6 potions of mutation {!q}
 K - 3 potions of resistance
 M - 5 potions of lignification {!q}
 O - a potion of invisibility
 P - 2 potions of heal wounds {@q2}
 T - a potion of flight
 Y - 2 potions of haste {@q3}


   Skills:
 + Level 18.5 Fighting
 + Level 20.4 Axes
 + Level 17.4 Ranged Weapons
 + Level 5.4 Armour
 + Level 5.0 Dodging
 + Level 4.0 Stealth
 + Level 3.5 Evocations


You had 15 spell levels left.
You didn't know any spells.
Your spell library was empty.

Dungeon Overview and Level Annotations

Branches:
Dungeon (15/15)            Temple (0/1) D:7            Lair (5/5) D:11
 Shoals (1/4) Lair:3        Snake (0/4) Lair:3        Slime (0/5) Lair:5
    Orc (2/2) D:10            Elf (0/3) Orc:2        Vaults (0/5) D:14
 Depths (0/4) D:15          IceCv (visited)

Altars:
Ashenzari
Kikubaaqudgha
Okawaru
Jiyva

Shops:
D:8 ?[   D:14 [   Orc:2 [*:*

Portals:
Pandemonium: Orc:2

Annotations:
D:11 2 runed translucent doors, pdpol's ghost, novice MiFi
D:14 2 transporters, Cown's ghost, journeyman TrHu
Shoals:1 Louise


Innate Abilities, Weirdness & Mutations

You have a pair of horns on your head.
You reflexively headbutt those who attack you in melee.
You are agile. (Dex +4, Str/Int -1)
You are dopey. (Int -2)
Your system is resistant to poisons. (rPois)


Message History

You are no longer berserk.
You are exhausted.
You feel yourself slow down. Louise barely misses you.
Your unstable footing causes you to fumble your attack.
Louise hits you but does no damage. x2
Your unstable footing causes you to fumble your attack.
Louise gestures at you while chanting. The bolt of lightning hits you!!
* * * LOW HITPOINT WARNING * * *
You hear an angry hiss.
Louise blocks your attack.
You headbutt Louise! Louise hits you but does no damage.
Louise casts a spell at you. The stone arrow hits you!!
* * * LOW HITPOINT WARNING * * *
Louise blocks your attack.
You headbutt Louise, but do no damage. Louise completely misses you.
Unknown command.
Louise blocks your attack.
Your headbutt misses Louise.
Louise hits you with a +1 trident of flaming.
* * * LOW HITPOINT WARNING * * *
Louise hits you but does no damage.
A wind drake comes into view.
Your unstable footing causes you to fumble your attack.
The wind drake hisses angrily.
Louise hits you but does no damage.
Unknown command.
Your unstable footing causes you to fumble your attack.
Louise hits you but does no damage. Louise barely misses you.
You furiously retaliate!
You headbutt Louise!
Unknown command.
Louise blocks your attack. x2; Louise splashes around in the water.
Unknown command.
Louise blocks your attack. The wind drake flaps its wings at you.
The air twists around and strikes you!
* * * LOW HITPOINT WARNING * * *
Louise hits you with a +1 trident of flaming.
* * * LOW HITPOINT WARNING * * *
The wind drake flaps its wings at you. The air twists around and strikes you!!
* * * LOW HITPOINT WARNING * * *
Louise hits you with a +1 trident of flaming.
* * * LOW HITPOINT WARNING * * *
You hit Louise but do no damage.
Louise hits you with a +1 trident of flaming!
* * * LOW HITPOINT WARNING * * *
Louise burns you.
You die...

≈≈≈≈≈≈≈≈≈≈≈≈≈≈≈
≈≈≈≈≈≈≈≈≈≈≈≈≈≈≈≈≈≈
≈≈≈≈≈≈≈≈≈≈≈≈≈≈≈≈≈≈
≈≈≈≈≈≈≈≈≈≈≈≈≈≈≈≈≈≈
≈≈≈≈≈≈≈≈≈≈≈≈≈≈≈≈≈≈
≈≈≈≈≈≈≈≈~~~~~~~≈≈≈≈≈≈
≈≈≈≈≈≈≈~~~~~~~~~≈≈≈≈≈
≈≈≈≈≈≈~~~~)~~~k~~~~~~
≈≈≈~~~~~~....@@~~~~~~
≈~~~~~~~~..##~~~~~~~~
≈~~~~~~~~..#.~~~.....
~~~....~~~..~~~......
.###..~..~~~......
##.....~.......
##........#.....
##.....##..##....
#..~..## .###


You could see Louise and a wind drake (repels missiles).

Vanquished Creatures
  Frances (D:13)
  An orc warlord (Orc:1)
  2 ettins
  The ghost of pikabug the Protected, a journeyman DsGl of Trog (Lair:3)
  A yaktaur captain (D:14)
  8 hydras
  2 demonspawn (Orc:2)
  2 catoblepae
  6 centaur warriors
  3 two-headed ogres
  3 boulder beetles
  4 tengu warriors
  2 death yaks (Lair:5)
  4 orc high priests
  15 spriggans (Lair:5)
  The ghost of Gadrel the Geomancer, a journeyman VSCj of Hepliaklqana (Lair:2)
  A sea snake (Shoals:1)
  A skeletal warrior (D:15)
  3 skysharks
  A deep troll (D:14)
  A swamp dragon (shapeshifter) (D:15)
  2 slime creatures (D:13)
  Pikel (D:6)
  2 bog bodies (IceCv)
  4 orc knights (Orc:2)
  2 necromancers (D:15)
  2 deep elf pyromancers (D:15)
  3 harpies (Shoals:1)
  A wolf spider (D:15)
  5 manticores
  10 orc sorcerers
  5 ugly things
  5 cyclopes
  17 elephants
  3 merfolk sirens (Shoals:1)
  An ice statue (IceCv)
  3 torpor snails
  A water nymph (Shoals:1)
  6 black mambas
  11 cane toads
  Maggie (D:6)
  An unseen horror (D:11)
  7 yaktaurs (D:14)
  4 rime drakes
  2 freezing wraiths (D:15)
  9 komodo dragons
  3 ice devils
  An efreet (D:15)
  A tengu conjurer (D:15)
  A merfolk (Shoals:1)
  4 meliai
  9 polar bears
  7 trolls
  7 hornets
  3 wind drakes
  12 blink frogs
  A blink frog (shapeshifter) (D:15)
  11 dream sheep
  A centaur simulacrum (D:14)
  2 wraiths
  4 shadows
  2 vampires
  2 dire elephant simulacra (IceCv)
  2 wyverns
  22 yaks
  7 basilisks
  A redback (D:11)
  A chaos spawn (Orc:2)
  3 steam dragons
  A neqoxec (Orc:2)
  11 vampire mosquitoes
  A harpy simulacrum (IceCv)
  4 death yak simulacra (IceCv)
  A hydra simulacrum (IceCv)
  5 wargs
  An acid dragon (D:12)
  A floating eye (shapeshifter) (D:15)
  6 nagas (Lair:3)
  13 water moccasins
  2 ice beasts (D:11)
  36 orc warriors
  8 black bears
  6 ogres
  6 boggarts
  13 centaurs
  31 wolves
  A lemure (D:6)
  4 phantoms
  Blork the orc (D:4)
  6 kobold brigands
  7 bullfrogs
  5 gnoll sergeants
  4 scorpions
  A cane toad simulacrum (IceCv)
  6 two-headed ogre simulacra (IceCv)
  8 wights
  3 troll zombies (D:10)
  3 elephant simulacra (IceCv)
  13 killer bees
  2 vampire bats (D:8)
  2 hounds
  2 jellies
  26 orc priests
  8 iguanas
  Ijyb (D:4)
  26 orc wizards
  3 sleepcaps
  2 polar bear simulacra (IceCv)
  5 troll simulacra (IceCv)
  8 spriggan simulacra (IceCv)
  3 wolf simulacra (IceCv)
  5 ogre zombies (D:10)
  22 gnolls
  2 adders
  4 naga simulacra (IceCv)
  3 white imps
  9 ufetubi (IceCv)
  2 worms
  3 dart slugs
  93 orcs
  12 bats
  7 endoplasms
  A giant cockroach (D:4)
  10 goblins
  3 hobgoblins
  8 jackals
  25 kobolds
  A quokka (D:4)
  7 ball pythons
  2 frilled lizards
  3 goblin skeletons (D:10)
  A goblin zombie (D:10)
  A hobgoblin skeleton (D:10)
  5 orc skeletons (D:10)
  15 orc zombies (D:10)
  5 rats
  A bush (Lair:1)
824 creatures vanquished.

Vanquished Creatures (collateral kills)
  4 death yaks (Lair:5)
  3 ugly things (D:14)
  2 cane toads (Lair:5)
  2 basilisks
11 creatures vanquished.

Vanquished Creatures (others)
  An ugly thing (D:15)
  An orc (Orc:1)
  16 fungi
  35 plants
53 creatures vanquished.

Grand Total: 888 creatures vanquished

Notes
Turn   | Place    | Note
-------+----------+-------------------------------------------
     0 | D:1      | Pooter the Minotaur Berserker began the quest for the Orb.
     0 | D:1      | Reached XP level 1. HP: 19/19 MP: 0/0
   286 | D:1      | Reached XP level 2. HP: 26/27 MP: 1/1
   411 | D:2      | Reached skill level 4 in Axes
   426 | D:2      | Reached skill level 1 in Stealth
   476 | D:2      | Reached XP level 3. HP: 33/33 MP: 2/2
   630 | D:2      | Reached ** piety under Trog
   833 | D:2      | Reached skill level 1 in Ranged Weapons
   833 | D:2      | Reached XP level 4. HP: 40/40 MP: 3/3
  1681 | D:3      | Reached skill level 5 in Axes
  1758 | D:4      | Reached XP level 5. HP: 47/47 MP: 4/4
  2159 | D:4      | Noticed Ijyb
  2169 | D:4      | Killed Ijyb
  2364 | D:4      | Noticed Blork the orc
  2370 | D:4      | Killed Blork the orc
  2371 | D:4      | Reached skill level 6 in Axes
  2371 | D:4      | Reached XP level 6. HP: 55/55 MP: 5/5
  2458 | D:4      | Reached skill level 5 in Fighting
  2682 | D:5      | Entered Level 5 of the Dungeon
  2820 | D:5      | Reached XP level 7. HP: 61/61 MP: 6/6
  2997 | D:5      | Reached skill level 7 in Axes
  3072 | D:5      | Reached skill level 5 in Ranged Weapons
  3480 | D:5      | Found an ancient bone altar of Kikubaaqudgha.
  3496 | D:5      | Found an iron altar of Okawaru.
  4015 | D:6      | Reached skill level 8 in Axes
  4015 | D:6      | Reached XP level 8. HP: 70/70 MP: 7/7
  4052 | D:6      | Noticed Maggie
  4064 | D:6      | Killed Maggie
  4065 | D:6      | Reached skill level 9 in Axes
  4813 | D:6      | Reached XP level 9. HP: 79/79 MP: 8/8
  5020 | D:6      | Noticed Pikel
  5028 | D:6      | Killed Pikel
  5029 | D:6      | Reached skill level 10 in Axes
  5163 | D:6      | Reached *** piety under Trog
  5261 | D:7      | Reached skill level 11 in Axes
  5570 | D:7      | Found a staircase to the Ecumenical Temple.
  6036 | D:8      | Found Ydats's Antique Armour Boutique.
  6466 | D:8      | Found Kefod's Magic Scroll Emporium.
  6476 | D:8      | Bought a scroll of identify for 26 gold pieces
  6476 | D:8      | Bought a scroll of identify for 26 gold pieces
  6476 | D:8      | Bought a scroll of enchant weapon for 97 gold pieces
  6476 | D:8      | Bought a scroll of enchant weapon for 97 gold pieces
  6476 | D:8      | Bought a scroll of identify for 26 gold pieces
  6501 | D:8      | Reached XP level 10. HP: 51/90 MP: 9/9
  6609 | D:8      | Reached skill level 12 in Axes
  7357 | D:9      | Reached **** piety under Trog
  7833 | D:10     | Entered Level 10 of the Dungeon
  7870 | D:10     | Reached skill level 13 in Axes
  8564 | D:10     | Found a staircase to the Orcish Mines.
  8593 | D:10     | Reached skill level 10 in Fighting
  8681 | D:10     | Found a broken altar of Ashenzari.
  9231 | Orc:1    | Entered Level 1 of the Orcish Mines
  9231 | Orc:1    | Noticed an orc sorcerer
  9238 | Orc:1    | Reached skill level 10 in Ranged Weapons
  9238 | Orc:1    | Noticed an orc sorcerer
  9240 | Orc:1    | Killed an orc sorcerer
  9242 | Orc:1    | Noticed an orc warlord
  9250 | Orc:1    | Killed an orc warlord
  9251 | Orc:1    | Reached skill level 14 in Axes
  9251 | Orc:1    | Reached XP level 11. HP: 101/101 MP: 10/10
  9253 | Orc:1    | Killed an orc sorcerer
  9461 | Orc:1    | Noticed an orc high priest
  9465 | Orc:1    | Noticed a sun demon
  9465 | Orc:1    | Noticed a soul eater
  9467 | Orc:1    | Noticed a sixfirhy
  9475 | Orc:1    | Killed an orc high priest
  9641 | Orc:2    | Entered Level 2 of the Orcish Mines
  9951 | Orc:2    | Noticed an ettin
  9956 | Orc:2    | Killed an ettin
  9957 | Orc:2    | Reached skill level 15 in Axes
 10049 | Orc:2    | Found a staircase to the Elven Halls.
 11504 | Orc:2    | Noticed an orc knight
 11513 | Orc:2    | Killed an orc knight
 13347 | Orc:2    | Found Eniylywkuir's General Store.
 13349 | Orc:2    | Found Heishraal's General Store.
 13393 | Orc:2    | Bought a scroll of fear for 56 gold pieces
 13393 | Orc:2    | Bought a potion of haste for 140 gold pieces
 13393 | Orc:2    | Bought a scroll of identify for 28 gold pieces
 13396 | Orc:2    | Bought a wand of mindburst (11) for 231 gold pieces
 13396 | Orc:2    | Bought a scroll of identify for 30 gold pieces
 13396 | Orc:2    | Bought a scroll of enchant armour for 112 gold pieces
 13396 | Orc:2    | Bought a scroll of enchant weapon for 112 gold pieces
 13617 | Orc:2    | Reached skill level 16 in Axes
 13726 | Orc:2    | Noticed an orc sorcerer
 13731 | Orc:2    | Noticed an orc knight
 13739 | Orc:2    | Killed an orc sorcerer
 13740 | Orc:2    | Killed an orc knight
 13741 | Orc:2    | Reached XP level 12. HP: 58/112 MP: 5/11
 14027 | Orc:2    | Noticed an orc high priest
 14968 | Orc:2    | Killed an orc high priest
 15106 | Orc:2    | Noticed an orc high priest
 15112 | Orc:2    | Killed an orc high priest
 15113 | Orc:2    | Reached skill level 17 in Axes
 15115 | Orc:2    | Noticed a demonspawn
 15119 | Orc:2    | Noticed a demonspawn
 15120 | Orc:2    | Killed a demonspawn
 15139 | Orc:2    | Killed a demonspawn
 15323 | Orc:2    | Noticed an orc high priest
 15328 | Orc:2    | Paralysed by an orc sorcerer for 5 turns
 15333 | Orc:2    | Killed an orc high priest
 15545 | Orc:2    | Found Yrchorik's Antique Armour Boutique.
 15545 | Orc:2    | Found Isarux's Book Shop.
 15546 | Orc:2    | Found a one-way gate leading to the halls of Pandemonium.
 15640 | D:11     | Found a staircase to the Lair.
 15651 | Lair:1   | Entered Level 1 of the Lair of Beasts
 15680 | Lair:1   | Reached skill level 18 in Axes
 16004 | Lair:1   | Reached XP level 13. HP: 122/122 MP: 12/12
 17051 | Lair:2   | Gained mutation: Your system is resistant to poisons.
                  | (rPois) [potion of mutation]
 17051 | Lair:2   | Gained mutation: You are dopey. (Int -2) [potion of
                  | mutation]
 17051 | Lair:2   | Gained mutation: You are agile. (Dex +4, Str/Int -1)
                  | [potion of mutation]
 17190 | Lair:2   | Noticed Gadrel's ghost (journeyman VSCj)
 17744 | Lair:2   | Found a transporter.
 17748 | Lair:2   | Found a transporter.
 17765 | Lair:2   | Killed Gadrel's ghost
 18374 | Lair:3   | Found a staircase to the Shoals.
 18392 | Lair:3   | Reached skill level 19 in Axes
 18558 | Lair:3   | Reached skill level 15 in Fighting
 18710 | Lair:3   | Found a staircase to the Snake Pit.
 19292 | Lair:3   | Found a large runed translucent door.
 19293 | Lair:3   | Found a large runed translucent door.
 19297 | Lair:3   | Noticed pikabug's ghost (journeyman DsGl)
 19432 | Lair:3   | Killed pikabug's ghost
 19531 | Lair:4   | Reached XP level 14. HP: 135/135 MP: 13/13
 20203 | Lair:4   | Found a frozen archway.
 20214 | IceCv    | Entered an ice cave
 24112 | IceCv    | Reached skill level 15 in Ranged Weapons
 25169 | IceCv    | Glimpsed the power of Zot.
 25195 | IceCv    | HP: 2/136 [ice statue/bolt of cold (38)]
 25854 | Lair:5   | Entered Level 5 of the Lair of Beasts
 26155 | Lair:5   | Reached skill level 20 in Axes
 26155 | Lair:5   | Paralysed by a hornet for 1 turns
 27549 | Lair:5   | Reached ***** piety under Trog
 28258 | Lair:5   | Reached XP level 15. HP: 140/147 MP: 14/14
 28316 | Lair:5   | Found a viscous altar of Jiyva.
 28316 | Lair:5   | Found a staircase to the Slime Pits.
 28917 | D:11     | Found a runed translucent door.
 28920 | D:11     | Found a runed translucent door.
 28921 | D:11     | Noticed a fire giant
 28921 | D:11     | Noticed pdpol's ghost (novice MiFi)
 28922 | D:11     | Noticed a lich
 29031 | D:11     | Found the +3 crown of Dyrovepreva {rElec Int+2 SInv}
 29204 | D:11     | HP: 1/220 [white ugly thing (40)]
 31520 | D:13     | Reached skill level 1 in Evocations
 31941 | D:13     | Noticed Frances
 31953 | D:13     | Killed Frances
 32480 | D:14     | Found a transporter.
 32546 | D:14     | Noticed Cown's ghost (journeyman TrHu)
 32550 | D:14     | Found a transporter.
 33196 | D:14     | Found a gate to the Vaults.
 33677 | D:14     | Found Archoc's Antique Armour Shoppe.
 33773 | D:14     | Bought an embroidered scarf for 216 gold pieces
 34055 | D:15     | Entered Level 15 of the Dungeon
 34769 | D:15     | Identified a scroll of acquirement
 34769 | D:15     | Acquired the +2 pair of boots of the Shrieking God {rPois
                  | rF++ rC+ Str-5}
 35356 | D:15     | Found a staircase to the Depths.
 35410 | D:15     | Reached skill level 5 in Armour
 35968 | Shoals:1 | Entered Level 1 of the Shoals
 35979 | Shoals:1 | Reached XP level 16. HP: 126/159 MP: 15/15
 36947 | Shoals:1 | Noticed Louise
 36961 | Shoals:1 | Reached skill level 5 in Dodging
 36979 | Shoals:1 | HP: 1/159 [Louise/+1 trident of flaming (9)]
 36979 | Shoals:1 | Slain by Louise

Illustrated notes

Levels and vault maps discovered:
D:1:      dpeg_arrival_tiny_a, layout_rooms
D:2:      layout_loops_ring, hex_large
D:3:      layout_basic, grunt_ministairs_10
D:4:      layout_rooms, uniq_ijyb, uniq_blork_the_orc
D:5:      layout_loops_ring, mainiacjoe_overflow_swirl, patterned_corridor
D:6:      layout_basic, uniq_maggie, uniq_pikel
D:7:      layout_basic, minmay_temple_entry_sparse_star
D:8:      layout_gridville, serial_shops, nicolae_shop_stone,
          nicolae_stop_n_shop_1, roderic_batcave
D:9:      layout_basic
D:10:     cheibrodos_helix_gallery, layout_loops_ring,
          mainiacjoe_overflow_chevrons, zombieorc2_lemuel
D:11:     cheibrodos_barr_body, layout_stronghold, hellmonk_lair_entry_icy,
          muffindrake_ghost_dual_entry
D:12:     layout_rooms, special_room [special_room_orc]
D:13:     layout_loops_ring, uniq_frances
D:14:     layout_cave_pods, david_vaults_2, serial_shops,
          nicolae_inconvenience_store, reono_crystal_passage, nzn_ghost_randoct
D:15:     hangedman_depths_entry_civil_slaughter, layout_cave_pools,
          hangedman_abyss_or_decor_stabs, kennysheep_kite_vault
Lair:1:   layout_regular_city, hangedman_lair_generics_rect
Lair:2:   layout_chaotic_city, gammafunk_ghost_arena,
          chequers_serial_rivers_large_a, small_statue_intersection
Lair:3:   layout_loops_ring, minmay_shoals_entry_beasts,
          minmay_snake_entry_guardpost_medium, ebering_ghost_disaster_area,
          grunt_megastairs_1, lemuel_fruit_tree
Lair:4:   layout_cave_pods, portal_ice_cave_rime, grunt_megastairs_2
Lair:5:   minmay_lair_end_enchanted_forest, layout_cave_pods,
          dpeg_slime_entry_corner, grunt_megastairs_3
Shoals:1: layout_shoals, hangedman_shoals_cup_caves, uniq_louise
Orc:1:    layout_diamond_mine, basic_altar, kennysheep_orc_chapel
Orc:2:    pf_orc_diabolical, layout_caves, mines2_david

Skill      XL: |  1  2  3  4  5  6  7  8  9 10 11 12 13 14 15 16 |
---------------+-------------------------------------------------+-----
Axes           | 4 5 6 8 9 11 14 16 18 19 20 | 20.4
Stealth        | 1 3 4 |  4.0
Fighting       | 4 5 6 7 8 10 12 13 15 17 18 | 18.5
Ranged Weapons | 1 2 3 4 6 7 8 10 11 12 14 16 17 | 17.4
Evocations     | 3 |  3.5
Armour         | 5 |  5.4
Dodging        | 4 5 |  5.0

Action                     |  1- 3 |  4- 6 |  7- 9 | 10-12 | 13-15 | 16-18 || total
---------------------------+-------+-------+-------+-------+-------+-------++-------
  Melee: Hand axe          |    52 |    18 |       |       |       |       ||    70
         Headbutt          |     7 |    13 |     9 |    39 |    81 |     5 ||   154
         War axe           |       |    79 |    45 |       |    18 |       ||   142
         Punch             |       |     2 |       |     3 |       |       ||     5
         Broad axe         |       |       |    45 |   256 |       |       ||   301
         Battleaxe         |       |       |       |    20 |   480 |    35 ||   535
         Executioner's axe |       |       |       |       |     7 |       ||     7
   Fire: Shortbow          |       |    59 |    44 |       |       |       ||   103
         Arbalest          |       |       |    86 |   263 |   352 |    19 ||   720
  Throw: Javelin           |       |       |     8 |     2 |     3 |       ||    13
         Dart              |       |       |     3 |       |    13 |       ||    16
         Boomerang         |       |       |       |     1 |     7 |       ||     8
 Invoke: Berserk           |     1 |     3 |     5 |    10 |    21 |     1 ||    41
         Trog's Hand       |       |     2 |     7 |    22 |    20 |       ||    51
         Brothers in Arms  |       |       |       |       |     2 |       ||     2
  Evoke: Wand              |       |       |       |     3 |     7 |     3 ||    13
    Use: Scroll            |     3 |     3 |     7 |    15 |     9 |     1 ||    38
         Potion            |       |       |       |     5 |     4 |       ||     9
   Stab: Distracted        |       |       |       |       |     1 |       ||     1
 Armour: Ring mail         |    16 |     7 |       |       |       |       ||    23
         Animal skin       |     1 |       |       |       |       |       ||     1
         Scale mail        |       |    30 |    13 |       |       |       ||    43
         Chain mail        |       |       |    96 |    24 |       |       ||   120
         Plate armour      |       |       |       |   144 |   499 |    32 ||   675
  Dodge: Dodged            |    35 |    52 |    84 |   132 |   311 |    14 ||   628
  Block: Other             |     1 |    16 |     1 |    39 |    73 |    10 ||   140
         Reflection        |       |     1 |       |       |     8 |     2 ||    11
